 Dungeon Crawl Stone Soup version 0.22-a0-283-g1871b15 (webtiles) character file.

1013 tidbits the Insei (level 8, 9/60 HPs)
             Began as a Gnoll Transmuter on Mar 19, 2018.
             Quit the game on level 4 of the Dungeon.
             The game lasted 00:09:24 (881 turns).

tidbits the Insei (Gnoll Transmuter)                 Turns: 881, Time: 00:09:25

Health: 9/60       AC:  7    Str: 10 (13) XL:     8   Next: 21%
Magic:  16/16      EV: 15    Int: 19 (22) God:
Gold:   87         SH:  0    Dex: 13 (16) Spells: 8/18 levels left

rFire    . . .     SeeInvis .     - Unarmed
rCold    . . .     Gourm    .   (no shield)
rNeg     . . .     Faith    .   B - +2 robe {MR+}
rPois    .         Spirit   .   (no helmet)
rElec    .         Reflect  .   (no cloak)
rCorr    .         Harm     .   (no gloves)
MR       +....                  F - +2 pair of boots
Stlth    ++........             (no amulet)
HPRegen  0.20/turn              (no ring)
MPRegen  0.15/turn              (no ring)

@: brilliant, lethally poisoned (9 -> -3), flying, very slightly contaminated,
hasted, invisible, very quick
A: distributed training, fangs 1, strong nose
a: no special abilities


You were on level 4 of the Dungeon.
You were not hungry.

You visited 1 branch of the dungeon, and saw 6 of its levels.

You collected 87 gold pieces.

Inventory:

Hand Weapons
 f - a +0 dagger
Missiles
 a - 19 arrows
Armour
 b - a +0 robe
 m - a cursed +0 buckler
 B - a +2 robe of magic resistance (worn)
   (You took it off Dowan on level 4 of the Dungeon)
 F - a +2 pair of boots (worn)
Wands
 h - a wand of acid (1)
Scrolls
 d - a scroll of identify
 e - a scroll of teleportation {unknown}
 j - a scroll of fog {unknown}
 r - 3 scrolls of remove curse
Comestibles
 c - 4 rations


   Skills:
 + Level 4.0 Fighting
 + Level 3.0 Short Blades
 + Level 3.0 Long Blades
 + Level 3.0 Axes
 + Level 3.0 Maces & Flails
 + Level 3.0 Polearms
 + Level 3.0 Staves
 + Level 3.0 Slings
 + Level 3.0 Bows
 + Level 3.0 Crossbows
 + Level 3.0 Throwing
 + Level 3.0 Armour
 + Level 5.5 Dodging
 + Level 3.0 Stealth
 + Level 3.0 Shields
 + Level 7.2 Unarmed Combat
 + Level 5.9 Spellcasting
 + Level 2.4 Conjurations
 + Level 2.4 Hexes
 + Level 2.4 Charms
 + Level 2.4 Summonings
 + Level 2.4 Necromancy
 + Level 2.4 Translocations
 + Level 4.5 Transmutations
 + Level 2.4 Fire Magic
 + Level 2.4 Ice Magic
 + Level 2.4 Air Magic
 + Level 2.4 Earth Magic
 + Level 2.4 Poison Magic
 + Level 3.3 Invocations
 + Level 3.0 Evocations


You had 8 spell levels left.
You knew the following spells:

 Your Spells              Type           Power        Failure   Level  Hunger
e - Beastly Appendage     Tmut           ####..       1%          1    None
i - Ice Form              Ice/Tmut       ####....     3%          4    ####...
k - Sticks to Snakes      Tmut           ####....     1%          2    None
p - Spider Form           Tmut/Pois      ####......   1%          3    ##.....


Dungeon Overview and Level Annotations

Branches:
Dungeon (6/15)
 Temple: D:4-7

Altars:
Fedhas
Hepliaklqana
Vehumet
Yredelemnul


Innate Abilities, Weirdness & Mutations

Your experience applies equally to all skills.
You have very sharp teeth.
Your uncanny sense of smell can sniff out nearby items.


Message History

Things that are here:
a chain mail; an orc corpse You hit the orc.
The orc is poisoned.
The orc is moderately wounded.
The orc completely misses you.
You hit the orc.
You kill the orc!
You hit the worker ant but do no damage.
Robin throws the goblin out of sight!
The goblin completely misses you. The worker ant bites you.
* * * LOW HITPOINT WARNING * * *
You are poisoned.
The worker ant poisons you!
Unknown command.
You barely miss the worker ant.
You feel sick. The worker ant misses you. The goblin completely misses you.
You hit the worker ant.
The worker ant is poisoned.
The worker ant is moderately wounded.
You feel sick.
You strike the helpless worker ant from behind!
You hit the worker ant but do no damage.
The worker ant looks as sick as possible!
The worker ant is heavily wounded.
You feel sick. The goblin closely misses you. The worker ant bites you.
* * * LOW HITPOINT WARNING * * *
You are lethally poisoned!
The worker ant poisons you!
You catch the helpless worker ant completely off-guard!
You hit the worker ant.
The worker ant is severely wounded.
Your transformation is almost over.
* * * LOW HITPOINT WARNING * * *
You feel sick.
You kill the worker ant!
The goblin completely misses you.
You strike the helpless goblin from behind!
You hit the goblin.
You kill the goblin!
* * * LOW HITPOINT WARNING * * *
You feel very sick. Robin hits you with a falchion.
* * * LOW HITPOINT WARNING * * *
You bite Robin!
Robin is poisoned.
Robin is heavily wounded.
* * * LOW HITPOINT WARNING * * *
You feel sick.
It was a potion of flight.
You feel very buoyant.
You fly up into the air.
* * * LOW HITPOINT WARNING * * *
You feel sick. Robin misses you.
It was a potion of brilliance.
You feel clever all of a sudden.
* * * LOW HITPOINT WARNING * * *
You feel sick. Robin closely misses you.
It was a potion of haste.
You feel yourself speed up.
* * * LOW HITPOINT WARNING * * *
You feel sick. Robin misses you.
Unknown command.
It was a potion of degeneration.
There was something very wrong with that liquid.
You feel weakened.
You feel dopey.
You feel clumsy.
* * * LOW HITPOINT WARNING * * *
You feel sick. Robin misses you.
It was a potion of ambrosia.
You are confused.
You feel invigorated.
* * * LOW HITPOINT WARNING * * *
You feel sick.
You bump into the rock wall.
* * * LOW HITPOINT WARNING * * *
You feel sick. Robin misses you.
You hit Robin but do no damage.
Robin looks as sick as possible!
Robin is almost dead.
* * * LOW HITPOINT WARNING * * *
You feel sick.
You kill Robin!
* * * LOW HITPOINT WARNING * * *
You feel sick.
Press: ? - help, v - describe, . - travel, g - get item A falchion.
There is something else lying underneath.
The floor, spattered with blood.
You bump into the rock wall.
Your transformation has ended.
Your +2 pair of boots unmelds from your body.
Your +2 robe of magic resistance unmelds from your body.
You feel resistant to hostile enchantments.
You feel less invigorated.
You feel less confused.
* * * LOW HITPOINT WARNING * * *
You feel sick.
You aren't carrying any potions.
Unknown command.
* * * LOW HITPOINT WARNING * * *
You feel sick.
Unknown command.
Items here: ( )))))) [[ †††††
Okay, then.
Are you sure you want to abandon this character and quit the game? (Confirm with "yes".)

...........p.....
#####............< ∆.(#
####.#...#.### #.#
#.#..[..... #.#
#.#.<.#.##. #.#
#<.†)...##. #)#
#.).....##. #[#
#..........
.######@#######.#.#.##..
.......>........#.#.##[.
.####.####..###.........
#. ∆ .?........# #
.##.#.#### ...# ∆ ## ∆


There were no monsters in sight!

Vanquished Creatures
  Pikel (D:3)
  Duvessa (D:4)
  Dowan (D:4)
  2 scorpions
  An iguana (D:5)
  Natasha (twice) (D:2)
  A worker ant (D:4)
  Robin (D:4)
  An adder (D:2)
  A shadow imp (D:5)
  2 leopard geckos
  5 orcs
  9 goblins
  2 hobgoblins
  4 jackals (D:3)
  2 bats (D:2)
  3 frilled lizards
  2 gnoll zombies (D:3)
  A jackal skeleton (D:5)
  4 kobolds
46 creatures vanquished.

Vanquished Creatures (collateral kills)
  Grinder (D:4)
  An orc (D:5)
2 creatures vanquished.

Vanquished Creatures (others)
  Blork the orc (D:4)
  3 goblins (D:4)
4 creatures vanquished.

Grand Total: 52 creatures vanquished

Notes
Turn   | Place    | Note
-------+----------+-------------------------------------------
     0 | D:1      | tidbits the Gnoll Transmuter began the quest for the Orb.
     0 | D:1      | Reached XP level 1. HP: 17/17 MP: 6/6
    88 | D:2      | Noticed Natasha
   155 | D:2      | Killed Natasha
   155 | D:2      | Reached skill level 5 in Spellcasting
   155 | D:2      | Reached XP level 2. HP: 23/23 MP: 8/8
   155 | D:2      | Reached XP level 3. HP: 28/28 MP: 9/9
   195 | D:2      | Learned a level 2 spell: Sticks to Snakes
   198 | D:2      | Noticed Natasha
   199 | D:2      | Learned a level 3 spell: Spider Form
   212 | D:2      | Reached skill level 1 in Invocations
   223 | D:2      | Killed Natasha
   223 | D:2      | Reached skill level 1 in Short Blades
   223 | D:2      | Reached skill level 1 in Long Blades
   223 | D:2      | Reached skill level 1 in Axes
   223 | D:2      | Reached skill level 1 in Maces & Flails
   223 | D:2      | Reached skill level 1 in Polearms
   223 | D:2      | Reached skill level 1 in Staves
   223 | D:2      | Reached skill level 1 in Slings
   223 | D:2      | Reached skill level 1 in Bows
   223 | D:2      | Reached skill level 1 in Crossbows
   223 | D:2      | Reached skill level 1 in Throwing
   223 | D:2      | Reached skill level 1 in Armour
   223 | D:2      | Reached skill level 1 in Stealth
   223 | D:2      | Reached skill level 1 in Shields
   223 | D:2      | Reached skill level 1 in Evocations
   223 | D:2      | Reached XP level 4. HP: 10/34 MP: 3/11
   381 | D:3      | Found a basalt altar of Yredelemnul.
   533 | D:4      | Reached skill level 1 in Conjurations
   533 | D:4      | Reached skill level 1 in Hexes
   533 | D:4      | Reached skill level 1 in Charms
   533 | D:4      | Reached skill level 1 in Summonings
   533 | D:4      | Reached skill level 1 in Necromancy
   533 | D:4      | Reached skill level 1 in Translocations
   533 | D:4      | Reached skill level 1 in Fire Magic
   533 | D:4      | Reached skill level 1 in Ice Magic
   533 | D:4      | Reached skill level 1 in Air Magic
   533 | D:4      | Reached skill level 1 in Earth Magic
   533 | D:4      | Reached skill level 1 in Poison Magic
   533 | D:4      | Reached XP level 5. HP: 39/40 MP: 3/12
   537 | D:4      | Noticed Dowan
   538 | D:4      | Noticed Duvessa
   539 | D:4      | Noticed a slave
   563 | D:3      | Learned a level 4 spell: Ice Form
   573 | D:4      | Noticed a slave
   575 | D:4      | Noticed Pikel
   576 | D:4      | Killed Duvessa
   576 | D:4      | Reached skill level 3 in Fighting
   576 | D:4      | Reached skill level 4 in Transmutations
   576 | D:4      | Reached XP level 6. HP: 37/47 MP: 6/13
   581 | D:4      | Noticed a slave
   581 | D:4      | Noticed a slave
   584 | D:4      | Killed Dowan
   584 | D:4      | Reached skill level 2 in Invocations
   586 | D:4      | Noticed Blork the orc
   603 | D:3      | Killed Pikel
   603 | D:3      | Reached skill level 2 in Short Blades
   603 | D:3      | Reached skill level 2 in Long Blades
   603 | D:3      | Reached skill level 2 in Axes
   603 | D:3      | Reached skill level 2 in Maces & Flails
   603 | D:3      | Reached skill level 2 in Polearms
   603 | D:3      | Reached skill level 2 in Staves
   603 | D:3      | Reached skill level 2 in Slings
   603 | D:3      | Reached skill level 2 in Bows
   603 | D:3      | Reached skill level 2 in Crossbows
   603 | D:3      | Reached skill level 2 in Throwing
   603 | D:3      | Reached skill level 2 in Armour
   603 | D:3      | Reached skill level 5 in Dodging
   603 | D:3      | Reached skill level 2 in Stealth
   603 | D:3      | Reached skill level 2 in Shields
   603 | D:3      | Reached skill level 7 in Unarmed Combat
   603 | D:3      | Reached skill level 2 in Conjurations
   603 | D:3      | Reached skill level 2 in Hexes
   603 | D:3      | Reached skill level 2 in Charms
   603 | D:3      | Reached skill level 2 in Summonings
   603 | D:3      | Reached skill level 2 in Necromancy
   603 | D:3      | Reached skill level 2 in Translocations
   603 | D:3      | Reached skill level 2 in Fire Magic
   603 | D:3      | Reached skill level 2 in Ice Magic
   603 | D:3      | Reached skill level 2 in Air Magic
   603 | D:3      | Reached skill level 2 in Earth Magic
   603 | D:3      | Reached skill level 2 in Poison Magic
   603 | D:3      | Reached skill level 2 in Evocations
   603 | D:3      | Reached XP level 7. HP: 30/53 MP: 3/15
   624 | D:4      | Killed Blork the orc
   652 | D:3      | Noticed Grinder
   666 | D:4      | Killed Grinder
   666 | D:4      | Reached skill level 3 in Invocations
   666 | D:4      | Reached XP level 8. HP: 22/60 MP: 4/16
   673 | D:5      | Entered Level 5 of the Dungeon
   757 | D:5      | Found a blossoming altar of Fedhas.
   760 | D:5      | Found a radiant altar of Vehumet.
   762 | D:5      | Found a hazy altar of Hepliaklqana.
   830 | D:5      | Reached skill level 4 in Fighting
   845 | D:4      | Noticed Robin
   845 | D:4      | Reached skill level 3 in Short Blades
   845 | D:4      | Reached skill level 3 in Long Blades
   845 | D:4      | Reached skill level 3 in Axes
   845 | D:4      | Reached skill level 3 in Maces & Flails
   845 | D:4      | Reached skill level 3 in Polearms
   845 | D:4      | Reached skill level 3 in Staves
   845 | D:4      | Reached skill level 3 in Slings
   845 | D:4      | Reached skill level 3 in Bows
   845 | D:4      | Reached skill level 3 in Crossbows
   845 | D:4      | Reached skill level 3 in Throwing
   845 | D:4      | Reached skill level 3 in Armour
   845 | D:4      | Reached skill level 3 in Stealth
   845 | D:4      | Reached skill level 3 in Shields
   845 | D:4      | Reached skill level 3 in Evocations
   871 | D:4      | HP: 6/60 [poisoned by a worker ant]
   876 | D:4      | Killed Robin
   881 | D:4      | Quit the game

Vault maps used:
D:1:      lightli_arrival_noodles
D:2:      uniq_crazy_yiuf_cottage, uniq_natasha
D:3:      lemuel_zombie_altar_yredelemnul, first_ration,
          minmay_misc_feat_four_crosses, uniq_grinder
D:4:      minmay_misc_feat_plants, uniq_duvessa, uniq_blork_the_orc, uniq_pikel,
          uniq_robin
D:5:      grunt_temple_overflow_diamond
D:6:      minmay_temple_entry_purple_smoke, uniq_menkaure

Skill      XL: |  1  2  3  4  5  6  7  8 |
---------------+-------------------------+-----
Spellcasting   | 5 |  5.9
Invocations    | 1 2 3 |  3.3
Short Blades   | 1 2 3 |  3.0
Long Blades    | 1 2 3 |  3.0
Axes           | 1 2 3 |  3.0
Maces & Flails | 1 2 3 |  3.0
Polearms       | 1 2 3 |  3.0
Staves         | 1 2 3 |  3.0
Slings         | 1 2 3 |  3.0
Bows           | 1 2 3 |  3.0
Crossbows      | 1 2 3 |  3.0
Throwing       | 1 2 3 |  3.0
Armour         | 1 2 3 |  3.0
Stealth        | 1 2 3 |  3.0
Shields        | 1 2 3 |  3.0
Evocations     | 1 2 3 |  3.0
Conjurations   | 1 2 |  2.4
Hexes          | 1 2 |  2.4
Charms         | 1 2 |  2.4
Summonings     | 1 2 |  2.4
Necromancy     | 1 2 |  2.4
Translocations | 1 2 |  2.4
Fire Magic     | 1 2 |  2.4
Ice Magic      | 1 2 |  2.4
Air Magic      | 1 2 |  2.4
Earth Magic    | 1 2 |  2.4
Poison Magic   | 1 2 |  2.4
Fighting       | 3 4 |  4.0
Transmutations | 4 |  4.5
Dodging        | 5 |  5.5
Unarmed Combat | 7 |  7.2

Action                   |  1- 3 |  4- 6 |  7- 9 || total
-------------------------+-------+-------+-------++-------
Melee: Unarmed           |    25 |    53 |    53 ||   131
       Bite              |     2 |     3 |       ||     5
       Kick              |     1 |       |       ||     1
       Headbutt          |       |     2 |       ||     2
       Punch             |       |       |     1 ||     1
 Cast: Beastly Appendage |     5 |     1 |     1 ||     7
       Spider Form       |     2 |     5 |     4 ||    11
       Sticks to Snakes  |       |     1 |     4 ||     5
Evoke: Wand              |     1 |     3 |     1 ||     5
  Use: Potion            |       |       |     7 ||     7
       Scroll            |       |       |     3 ||     3
 Stab: Sleeping          |     2 |     2 |       ||     4
       Invisible         |       |       |     4 ||     4
  Eat: Chunk             |       |       |     1 ||     1
Armor: Robe              |     4 |     4 |     4 ||    12
       Skin              |     1 |     2 |       ||     3
Dodge: Dodged            |    10 |    45 |    50 ||   105

Table legend:
 A = Spawn XP
 B = Non-spawn XP
 C = Spawn XP percentage of total XP
 D = Spawn monster count
 E = Non-spawn monster count
 F = Spawn count percentage of total count
 G = Total turns spent on level
                    A         B        C        D         E        F      G
               +---------+---------+-------+---------+---------+-------+---------
         Total |       0 |    1448 |   0.0 |       0 |      48 |   0.0 |   881
               +---------+---------+-------+---------+---------+-------+---------
           D:1 |       0 |       6 |   0.0 |       0 |       4 |   0.0 |    66
           D:2 |       0 |      93 |   0.0 |       0 |      10 |   0.0 |   237
           D:3 |       0 |     607 |   0.0 |       0 |       9 |   0.0 |   281
           D:4 |       0 |     612 |   0.0 |       0 |      17 |   0.0 |   129
           D:5 |       0 |     130 |   0.0 |       0 |       8 |   0.0 |   163
               +---------+---------+-------+---------+---------+-------+---------

Table legend:
 A = Turns spent in this place as a percentage of turns spent in the entire game.
 B = Non-inter-level travel turns spent in this place as a percentage of non-inter-level travel turns spent in the entire game.
 C = Inter-level travel turns spent in this place as a percentage of turns spent in this place.
 D = Turns resting spent in this place as a percentage of non-inter-level travel turns spent in this place.
 E = Turns spent auto-exploring this place as a percentage of non-inter-level travel turns spent in this place.
 F = Non-inter-level travel turns spent in this place divided by the number of levels of this place that you've seen.
                   A       B       C       D       E      F
               +-------+-------+-------+-------+-------+----------------------
         Total | 100.0 | 100.0 |   0.0 |   0.0 |   0.0 | 146.8
       Dungeon | 100.0 | 100.0 |   0.0 |   0.0 |   0.0 | 146.8
               +-------+-------+-------+-------+-------+----------------------

Table legend:
 A = Kills in this place as a percentage of kills in entire the game.
 B = Kills by you in this place as a percentage of kills by you in the entire game.
 C = Kills by friends in this place as a percentage of kills by friends in the entire game.
 D = Other kills in this place as a percentage of other kills in the entire game.
 E = Experience gained in this place as a percentage of experience gained in the entire game.
 F = Experience gained in this place divided by the number of levels of this place that you have seen.
                   A       B       C       D       E      F
               +-------+-------+-------+-------+-------+----------------------
         Total | 100.0 | 100.0 | 100.0 |   N/A | 100.0 | 241.3
       Dungeon | 100.0 | 100.0 | 100.0 |   N/A | 100.0 | 241.3
               +-------+-------+-------+-------+-------+----------------------

Vault maps used:
D:1:      lightli_arrival_noodles
D:2:      uniq_crazy_yiuf_cottage, uniq_natasha
D:3:      lemuel_zombie_altar_yredelemnul, first_ration,
          minmay_misc_feat_four_crosses, uniq_grinder
D:4:      minmay_misc_feat_plants, uniq_duvessa, uniq_blork_the_orc, uniq_pikel,
          uniq_robin
D:5:      grunt_temple_overflow_diamond
D:6:      minmay_temple_entry_purple_smoke, uniq_menkaure
